 Dungeon Sprint DCSS version 0.21.1-1-g345015f (webtiles) character file.

10453 equalderp2856 the Severer (level 11, -6/113 HPs)
             Began as a Minotaur Fighter on May 22, 2018.
             Was an Initiate of Gozag.
             Mangled by a lorocyproca (17 damage)
             ... in the Dungeon (Sprint I: "Red Sonja").
             The game lasted 00:14:26 (3342 turns).

equalderp2856 the Severer (Minotaur Fighter)        Turns: 3342, Time: 00:14:26

Health: -6/113     AC: 13    Str: 21    XL:     11   Next: 36%
Magic:  0/10       EV: 15    Int:  6    God:    Gozag
Gold:   785        SH: 14    Dex: 12    Spells: 10/10 levels left

rFire    + . .     SeeInvis .   a - +0 war axe
rCold    + . .     Gourm    .   c - +0 shield
rNeg     . . .     Faith    .   n - +2 ring mail {rF+}
rPois    .         Spirit   .   (helmet restricted)
rElec    .         Reflect  .   r - +0 cloak {+Inv}
rCorr    .         Harm     .   s - +0 pair of gloves (curse)
MR       .....     NoTele   +   (no boots)
Stlth    ++........             (no amulet)
HPRegen  0.28/turn              j - ring of protection from cold
MPRegen  0.12/turn              (no ring)

@: bribing [the Dungeon]
A: retaliatory headbutt, horns 2
a: Potion Petition, Call Merchant, Bribe Branch, Renounce Religion, Evoke
Invisibility


You were in the Dungeon.
You worshipped Gozag.
Gozag was pleased with you.
You were hungry.

You visited 1 branch You collected 5862 gold pieces.
You spent 1500 gold pieces at shops.
You paid 3577 gold pieces to Gozag.

Inventory:

Hand Weapons
 a - a +0 war axe (weapon)
Armour
 b - a +0 scale mail
 c - a +0 shield (worn)
 n - a +2 ring mail of fire resistance (worn)
 p - the +5 chain mail of Hospitality {rCorr}
   (You found it in the Dungeon)

   It protects you from acid and corrosion.
 q - the +3 scale mail "Befeinn" {rElec Dex-2 Slay+4}
   (You found it in the Dungeon)

   It affects your dexterity (-2).
   It affects your accuracy and damage with ranged weapons and melee attacks
   (+4).
   It insulates you from electricity.
 r - a +0 cloak of invisibility (worn)
 s - a cursed +0 pair of gloves (worn)
Jewellery
 j - a ring of protection from cold (left hand)
Wands
 u - a wand of paralysis (8)
 v - a wand of digging (7)
Scrolls
 k - a scroll of blinking
 m - a scroll of enchant armour {unknown}
 o - a scroll of fog {unknown}
Potions
 d - a potion of might
 h - a potion of haste
 i - 3 potions of magic
 l - a potion of lignification {unknown}
Books
 g - a book of Minor Magic

   Spells                             Type                      Level
   a - Magic Dart                     Conjuration                  1
   b - Blink                          Translocation                2
   c - Call Imp                       Summoning                    2
   d - Slow                           Hexes                        2
   e - Conjure Flame                  Conjuration/Fire             3
   f - Mephitic Cloud                 Conjuration/Poison/Air       3
Miscellaneous
 t - a lightning rod (inert)
Comestibles
 f - 5 rations


   Skills:
 + Level 15.4 Fighting
 + Level 17.5 Axes
 + Level 14.8 Armour
 + Level 7.3 Dodging
 + Level 3.4 Stealth
 + Level 15.7 Shields


You had 10 spell levels left.
You didn't know any spells.

Dungeon Overview and Level Annotations

Branches:
Dungeon (1/1)

Altars:
Cheibriados
Dithmenos
Elyvilon
Fedhas
Gozag
Hepliaklqana
Kikubaaqudgha
Makhleb
Nemelex Xobeh
Okawaru
Qazlal
Ru
Sif Muna
Trog
Uskayaw
Vehumet
Wu Jian
Xom
Yredelemnul
Zin
The Shining One
Jiyva
Lugonu

Shops:
D *}}%[[?=}![=}*[[*![:[(


Innate Abilities, Weirdness & Mutations

You reflexively headbutt those who attack you in melee.
You have a pair of horns on your head.


Message History

Unknown command.
Evoke which item? (* to show all) (? for menu, Esc to quit)
Aiming: Thunderbolt
Press: ? - help, Shift-Dir - straight line
Aim: Disturbance (purple smoke)
The thunderbolt hits something.
Your deep troll is engulfed in noxious fumes.
You block something's attack.
Evoke which item? (* to show all) (? for menu, Esc to quit)
Aiming: Thunderbolt
Press: ? - help, Shift-Dir - straight line The thunderbolt hits something.
Something hits you!
* * * LOW HITPOINT WARNING * * *
Evoke which item? (* to show all) (? for menu, Esc to quit)
Aiming: Thunderbolt
Press: ? - help, Shift-Dir - straight line The thunderbolt hits something.
The lightning rod overheats!
Something hits you!
You die...
Your body crumbles into a pile of gold.

###############################
..'..#__#..'...#[)#§§..'..§§..+
$
).#..'..'..#[..##'#§####.§§§§##$
####'#__####...'..#§# ##§§§##
...#.####§.#####@.'§#+#$###+#
..##§#§≈§.§#..##{####..$#.# $$$
#'#_§'≈≈§§§§§.#.§§).#..$..# $
'..._#≈(§.§#§.#^.§..'..$$$# $
#_.#'##'#####'###T§§#.....# $
##'#(#((.)###.'.#...###''## $
##.####'###(###.#^.## ##
'...'.....'(∩##.#..# $$
#...###########.##'#$$ $$ $


You could see a friendly deep troll (confused).

Vanquished Creatures
  2 centaur warriors (D)
  2 unseen horrors (D)
  A lindwurm (D)
  An oklob plant (D)
  2 kobold demonologists (D)
  4 demonic crawlers (D)
  A hornet (D)
  A slime creature (D)
  Sigmund (D)
  2 redbacks (D)
  12 hogs (D)
  A yak (D)
  4 floating eyes (D)
  7 necrophages (D)
  An ogre (D)
  8 jellies (D)
  Ijyb (D)
  2 ballistomycetes (D)
53 creatures vanquished.

Vanquished Creatures (collateral kills)
  8 shining eyes (D)
  A meliai (D)
  A hog (D)
  2 floating eyes (D)
  A ballistomycete (D)
13 creatures vanquished.

Vanquished Creatures (others)
  Sonja (D)
  2 gargoyles (D)
  3 hornets (D)
  2 ballistomycete spores (D)
8 creatures vanquished.

Grand Total: 74 creatures vanquished

Notes
Turn   | Place    | Note
-------+----------+-------------------------------------------
     0 | D        | equalderp2856 the Minotaur Fighter began the quest for the Orb.
     0 | D        | Reached XP level 1. HP: 19/19 MP: 0/0
     1 | D        | Noticed Ijyb
    13 | D        | Killed Ijyb
    13 | D        | Reached skill level 5 in Fighting
    13 | D        | Reached skill level 3 in Axes
    13 | D        | Reached skill level 5 in Shields
    13 | D        | Reached XP level 2. HP: 25/29 MP: 1/1
    49 | D        | Noticed an ogre
    53 | D        | Killed an ogre
    53 | D        | Reached skill level 4 in Axes
    53 | D        | Reached XP level 3. HP: 39/39 MP: 2/2
    53 | D        | Reached XP level 4. HP: 47/47 MP: 3/3
    65 | D        | Noticed Sigmund
    69 | D        | Killed Sigmund
    69 | D        | Reached skill level 6 in Axes
    69 | D        | Reached XP level 5. HP: 41/57 MP: 4/4
   169 | D        | Found an ornate altar of the Wu Jian Council.
   169 | D        | Found a deep blue altar of Sif Muna.
   171 | D        | Found a radiant altar of Vehumet.
   178 | D        | Reached XP level 6. HP: 44/63 MP: 5/5
   279 | D        | Found Vobob's Armour Emporium.
   279 | D        | Found an ancient bone altar of Kikubaaqudgha.
   279 | D        | Found a hazy altar of Hepliaklqana.
   279 | D        | Found a stormy altar of Qazlal.
   279 | D        | Found a hide-covered altar of Uskayaw.
   279 | D        | Found a blossoming altar of Fedhas.
   279 | D        | Found a bloodstained altar of Trog.
   279 | D        | Found an iron altar of Okawaru.
   279 | D        | Found a basalt altar of Yredelemnul.
   279 | D        | Found a glowing golden altar of the Shining One.
   279 | D        | Found a snail-covered altar of Cheibriados.
   279 | D        | Found a sacrificial altar of Ru.
   279 | D        | Found a glowing silver altar of Zin.
   279 | D        | Found a shadowy altar of Dithmenos.
   279 | D        | Found a white marble altar of Elyvilon.
   279 | D        | Noticed a yak
   285 | D        | Killed a yak
   285 | D        | Reached skill level 10 in Fighting
   285 | D        | Reached skill level 8 in Axes
   286 | D        | Found an opulent altar of Gozag.
   287 | D        | Found a sparkling altar of Nemelex Xobeh.
   339 | D        | Became a worshipper of Gozag Ym Sagoz the Greedy
   355 | D        | Found a burning altar of Makhleb.
   355 | D        | Found a viscous altar of Jiyva.
   355 | D        | Found a shimmering altar of Xom.
   355 | D        | Found a corrupted altar of Lugonu.
   355 | D        | Noticed a slime creature
   369 | D        | Killed a slime creature
   369 | D        | Reached skill level 9 in Axes
   369 | D        | Reached skill level 1 in Dodging
   369 | D        | Reached skill level 10 in Shields
   369 | D        | Reached XP level 7. HP: 51/73 MP: 6/6
   473 | D        | Noticed a centaur warrior
   477 | D        | Noticed a centaur warrior
   505 | D        | Killed a centaur warrior
   505 | D        | Reached skill level 11 in Axes
   505 | D        | Reached skill level 10 in Armour
   505 | D        | Reached XP level 8. HP: 82/82 MP: 7/7
   508 | D        | Killed a centaur warrior
   508 | D        | Reached skill level 13 in Axes
   657 | D        | Killed a gargoyle
   660 | D        | Killed a hornet
   671 | D        | Noticed a hornet
   676 | D        | Killed a hornet
   676 | D        | Reached XP level 9. HP: 91/91 MP: 8/8
   697 | D        | Noticed an oklob plant
   793 | D        | Killed an oklob plant
   793 | D        | Reached skill level 14 in Axes
  1030 | D        | Reached skill level 1 in Stealth
  1270 | D        | Killed an unseen horror
  1270 | D        | Reached skill level 15 in Axes
  1275 | D        | Killed an unseen horror
  1390 | D        | Paralysed by a floating eye for 3 turns
  1394 | D        | Reached XP level 10. HP: 101/101 MP: 9/9
  1434 | D        | Reached skill level 16 in Axes
  1575 | D        | Reached skill level 5 in Dodging
  1592 | D        | Got a jewelled chain mail
  1603 | D        | Identified the +5 chain mail of Hospitality {rCorr} (You found it in the Dungeon)
  1605 | D        | Got a shimmering scale mail
  1619 | D        | Identified the +3 scale mail "Befeinn" {rElec Dex-2 Slay+4} (You found it in the Dungeon)
  1631 | D        | Found Mamorowu's Gadget Shoppe.
  1631 | D        | Found Leamm's Jewellery Shop.
  1631 | D        | Found Fiux's Distillery.
  1633 | D        | Found Modiohum's Antique Armour Emporium.
  1633 | D        | Found Zeji Puh's Jewellery Shop.
  1633 | D        | Found Elopuaru's Gadget Shoppe.
  1633 | D        | Found Goesunolo's General Store.
  1633 | D        | Found Yheryomm's Antique Armour Emporium.
  1633 | D        | Found Okizes's Armour Shop.
  1633 | D        | Found Ufulosae's General Store.
  1634 | D        | Found Zupt's Distillery.
  1635 | D        | Found Iqiemext's Book Emporium.
  1635 | D        | Found Kouxzoaq's Antique Armour Boutique.
  1636 | D        | Found Duidexav's Weapon Emporium.
  1711 | D        | Paralysed by a floating eye for 4 turns
  1834 | D        | Reached skill level 17 in Axes
  2201 | D        | Noticed a lindwurm
  2231 | D        | Killed a lindwurm
  2342 | D        | Noticed a gargoyle
  2457 | D        | Noticed Sonja
  2460 | D        | Killed Sonja
  2511 | D        | Noticed a deep troll
  2530 | D        | Found Casolete's Armour Emporium.
  2553 | D        | Found Xeirgh's General Store.
  2559 | D        | Noticed a shining eye
  2559 | D        | Noticed a shining eye
  2559 | D        | Noticed a shining eye
  2566 | D        | Paralysed by a floating eye for 4 turns
  2572 | D        | Paralysed by a floating eye for 2 turns
  2575 | D        | Paralysed by a floating eye for 4 turns
  2582 | D        | Paralysed by a floating eye for 3 turns
  2587 | D        | Paralysed by a floating eye for 3 turns
  2601 | D        | Paralysed by a floating eye for 4 turns
  2610 | D        | Killed a shining eye
  2614 | D        | Killed a shining eye
  2621 | D        | Killed a shining eye
  2628 | D        | Killed a shining eye
  2628 | D        | Reached XP level 11. HP: 111/111 MP: 10/10
  2631 | D        | Killed a shining eye
  2635 | D        | Killed a shining eye
  2647 | D        | Noticed a shining eye
  2647 | D        | Noticed a shining eye
  2661 | D        | Killed a shining eye
  2661 | D        | Reached skill level 15 in Shields
  2675 | D        | Killed a shining eye
  2698 | D        | Found Oniad's Antique Armour Shop.
  2698 | D        | Found Irau's Gadget Shoppe.
  2698 | D        | Found Jimidghu's Magic Scroll Boutique.
  2698 | D        | Found Ogatef's Gadget Emporium.
  2715 | D        | Bought a ration for 60 gold pieces
  2715 | D        | Bought a ration for 60 gold pieces
  2715 | D        | Bought a ration for 60 gold pieces
  2715 | D        | Bought a ration for 60 gold pieces
  2715 | D        | Bought a ration for 60 gold pieces
  2838 | D        | Bought a book of Minor Magic for 220 gold pieces
  2849 | D        | Bought an embroidered cloak for 165 gold pieces
  2954 | D        | Bought a pair of embroidered gloves for 165 gold pieces
  3068 | D        | Bought a lightning rod (4/4) for 520 gold pieces
  3068 | D        | Bought a wand of paralysis (8) for 130 gold pieces
  3137 | D        | Reached skill level 15 in Fighting
  3342 | D        | Mangled by a lorocyproca

Skill      XL: |  1  2  3  4  5  6  7  8  9 10 11 |
---------------+----------------------------------+-----
Fighting       | 5 7 9 10 11 12 13 14 15 | 15.4
Axes           | 3 4 6 9 11 13 15 17 | 17.5
Armour         | 4 6 7 8 9 10 11 12 14 | 14.8
Shields        | 5 6 8 9 10 11 12 14 15 | 15.7
Dodging        | 1 2 3 4 6 7 |  7.3
Stealth        | 1 2 3 |  3.4

Action                   |  1- 3 |  4- 6 |  7- 9 | 10-12 || total
-------------------------+-------+-------+-------+-------++-------
Melee: War axe           |    14 |    28 |    42 |   156 ||   240
       Headbutt          |     2 |     7 |    16 |    44 ||    69
Invok: Bribe Branch      |       |       |       |     1 ||     1
       Call Merchant     |       |       |       |     1 ||     1
Evoke: Lightning rod     |       |       |       |     4 ||     4
       Wand              |       |       |       |     1 ||     1
  Use: Potion            |       |       |     1 |     4 ||     5
 Stab: Distracted        |       |       |       |     1 ||     1
  Eat: Ration            |       |       |       |     2 ||     2
Armor: Scale mail        |     5 |     5 |     2 |       ||    12
       Ring mail         |       |       |    12 |    15 ||    27
       Chain mail        |       |       |       |    69 ||    69
Dodge: Dodged            |     5 |     5 |     6 |    79 ||    95
Block: Shield            |     5 |    10 |    11 |   114 ||   140
